 Dungeon Crawl Stone Soup version 0.23.2 (webtiles) character file.

Game seed: 5730588070346176980

56 Fang the Skirmisher (level 3, -4/24 HPs)
             Began as a Gargoyle Berserker on Apr 4, 2019.
             Was a Believer of Trog.
             Slain by Sigmund
             ... wielding a +0 scythe
              (10 damage)
             ... on level 2 of the Dungeon.
             The game lasted 00:01:19 (1615 turns).

Fang the Skirmisher (Gargoyle Berserker)            Turns: 1615, Time: 00:01:19

Health: -4/24      AC:  5    Str: 21    XL:     3   Next: 97%
Magic:  3/3        EV: 12    Int:  7    God:    Trog [**....]
Gold:   39         SH:  0    Dex:  9    Spells: 2/2 levels left

rFire    . . .     SeeInvis .   a - +0 hand axe
rCold    . . .     Gourm    .   (no shield)
rNeg     + . .     Faith    .   b - +0 animal skin
rPois    ∞         Spirit   .   (no helmet)
rElec    +         Reflect  .   (no cloak)
rCorr    .         Harm     .   (no gloves)
MR       .....                  (no boots)
Stlth    +.........             (no amulet)
HPRegen  0.08/turn              (no ring)
MPRegen  0.08/turn              (no ring)

@: no status effects
A: negative energy resistance 1, electricity resistance, unbreathing,
petrification resistance, rot immunity, AC +3
a: Berserk, Trog's Hand, Renounce Religion


You were on level 2 of the Dungeon.
You worshipped Trog.
Trog was pleased with you.
You were not hungry.

You visited 1 branch of the dungeon, and saw 2 of its levels.

You collected 39 gold pieces.

Inventory:

Hand Weapons
 a - a +0 hand axe (weapon)
Armour
 b - a +0 animal skin (worn)
Scrolls
 d - 3 scrolls of remove curse {unknown}
 e - 2 scrolls of magic mapping {unknown}
 f - 2 scrolls of identify {unknown}
 h - 2 scrolls of enchant armour {unknown}
Potions
 g - a potion of ambrosia {unknown}
 i - a potion of might {unknown}
Comestibles
 c - a ration


   Skills:
 + Level 3.8 Fighting
 + Level 3.2 Axes
 + Level 2.9 Armour
 + Level 2.1 Dodging


You had 2 spell levels left.
You didn't know any spells.
Your spell library was empty.

Dungeon Overview and Level Annotations

Branches:
Dungeon (2/15)

Altars:
Ashenzari
Fedhas

Annotations:
D:2 Sigmund


Innate Abilities, Weirdness & Mutations

You are resistant to torment.
Your stone body is resilient. (AC +3)
You are immune to poison.
You resist negative energy. (rN+)
You are resistant to electric shocks. (rElec)
You can survive without breathing.
You are immune to petrification.
You are immune to rotting.


Message History

There is a stone staircase leading down here.
You start resting.
HP restored.
You start waiting.
You feel yourself speed up.
You start waiting.
You recover from your berserk rage.
You eat one of the 2 rations.
That ration really hit the spot!
You climb downwards.
Level annotation: Sigmund
There is a stone staircase leading up here.
Sigmund gestures wildly while chanting.
Sigmund flickers and vanishes!
Deactivating autopickup; reactivate with Ctrl-A.
A puff of flame appears from out of thin air!
The puff of flame hits you! Something hits you!
* * * LOW HITPOINT WARNING * * *
Something hits you!
You die...

...###....##..).....##.....#
.........###.....<....######
........(..#.......##.####
...........#.......##....#
###........#.......#....##
#####.#....#.........#### .#
#.#....<.......###
.####......#.......#
...####.........@..#
#..................###
.....................##
)....####.............##
.....## ####...........###
.#....######..............
......>................#.#
....#.#.#####........)## #
....#....# ##...#..%##


There were no monsters in sight!

Vanquished Creatures
  2 adders (D:2)
  A shadow imp (D:2)
  A dart slug (D:1)
  3 bats (D:1)
  3 giant cockroaches
  6 hobgoblins
  A quokka (D:2)
  4 frilled lizards
  2 goblins
  5 kobolds
  2 rats (D:1)
30 creatures vanquished.

Notes
Turn   | Place    | Note
-------+----------+-------------------------------------------
     0 | D:1      | Fang the Gargoyle Berserker began the quest for the Orb.
     0 | D:1      | Reached XP level 1. HP: 14/14 MP: 1/1
   276 | D:1      | Reached XP level 2. HP: 15/19 MP: 2/2
   657 | D:1      | You fall through a shaft!
   685 | D:2      | Reached XP level 3. HP: 14/24 MP: 3/3
  1117 | D:2      | Found a blossoming altar of Fedhas.
  1128 | D:2      | Found a shattered altar of Ashenzari.
  1153 | D:2      | Reached ** piety under Trog
  1350 | D:2      | Noticed Sigmund
  1615 | D:2      | Slain by Sigmund

Skill      XL: |  1  2 |
---------------+-------+-----
Axes           | 3 |  3.2
Dodging        | 2 |  2.1
Fighting       | |  3.8
Armour         | |  2.9

Action                   || total
-------------------------++-------
Melee: Hand axe          ||   102
Invok: Berserk           ||     3
  Eat: Chunk             ||     3
       Ration            ||     1
Armor: Animal skin       ||    34
Dodge: Dodged            ||    71
